 Seeded DCSS version 0.29.1-15-g9cfb28693d (webtiles) character file.

Game seed: 17936887422911195022 (custom seed)

719 Psyclone the Thaumaturge (level 7, -2/36 HPs)
             Began as a Deep Elf Conjurer on Sept 22, 2023.
             Killed by nerve-wracking pain
             ... invoked by Menkaure
              (11 damage)
             ... on level 5 of the Dungeon.
             The game lasted 00:11:53 (4855 turns).

Psyclone the Thaumaturge (Deep Elf Conjurer)        Turns: 4855, Time: 00:11:54

Health: -2/36      AC:  7    Str:  2    XL:     7   Next: 42%
Magic:  11/20      EV: 12    Int: 35    God:
Gold:   115        SH:  0    Dex: 11    Spells: 19/22 levels left

rFire   . . .      SeeInvis .   e - +0 dagger
rCold   + + +      Faith    .   (no shield)
rNeg    . . .      Spirit   .   a - +0 robe
rPois   .          Reflect  .   (no helmet)
rElec   .          Harm     .   g - +0 cloak
rCorr   .          Rampage  .   (no gloves)
Will    .....                   (no boots)
Stlth   ++........              (no amulet)
HPRegen 0.12/turn               i - ring of Xoifex {rC+++ AC+4 Str-2 Int+10 Dex-2}
MPRegen 0.17/turn               n - ring of protection from cold

@: no status effects
A: no striking features
a: no special abilities


You were on level 5 of the Dungeon.
You visited 1 branch of the dungeon, and saw 5 of its levels.

You collected 170 gold pieces.
You spent 55 gold pieces at shops.

Inventory:

Hand Weapons
 e - a +0 dagger (weapon)
Armour
 a - a +0 robe (worn)
 g - a +0 cloak (worn)
Jewellery
 i - the ring of Xoifex (left hand) {rC+++ AC+4 Str-2 Int+10 Dex-2}
   (You found it on level 3 of the Dungeon)

   [ring of protection]

   AC:        It affects your AC (+4).
   Str:       It affects your strength (-2).
   Int:       It affects your intelligence (+10).
   Dex:       It affects your dexterity (-2).
   rC:        It renders you almost immune to cold.
 n - a ring of protection from cold (right hand)
Scrolls
 c - 2 scrolls of enchant weapon {unknown}
 f - 3 scrolls of blinking {unknown}
 h - 7 scrolls of identify {unknown}
 j - a scroll of enchant armour {unknown}
 k - 2 scrolls of butterflies {unknown}
 l - a scroll of torment {unknown}
 m - 2 scrolls of fear {unknown}
 q - 2 scrolls of teleportation {unknown}
 t - a scroll of summoning {unknown}
 u - a scroll of magic mapping {unknown}
 v - a scroll of amnesia {unknown}
Potions
 b - a potion of magic
 d - 2 potions of flight {unknown}
 o - a potion of haste {unknown}
 p - 2 potions of heal wounds
 r - a potion of might {unknown}
 s - a potion of curing {unknown}


   Skills:
 - Level 2.4 Dodging
 - Level 2.4 Stealth
 + Level 8.1 Spellcasting
 + Level 7.8 Conjurations


You had 19 spell levels left.
You knew the following spells:

 Your Spells              Type           Power      Damage    Failure   Level
a - Magic Dart            Conj           100%       1d8       1%          1
b - Searing Ray           Conj           100%       2d8       1%          2

Your spell library contained the following spells:

 Spells                   Type           Power      Damage    Failure   Level
 Dazzling Flash           Conj/Hex       82%        N/A       1%          3
 Summon Small Mammal      Summ           56%        N/A       3%          1
 Fulminant Prism          Conj/Hex       20%        3d13      6%          4
 Iskenderun's Mystic Bla  Conj/Tloc      41%        2d9       6%          4
 Call Canine Familiar     Summ           14%        N/A       9%          3
 Summon Guardian Golem    Hex/Summ       14%        N/A       9%          3


Dungeon Overview and Level Annotations

Branches:
Dungeon (5/15) Zot: 25132
 Temple: D:4-7

Altars:
Elyvilon
Trog
Wu Jian
The Shining One

Shops:
D:5 !

Annotations:
D:5 Menkaure


Message History

Press: ? - help, Shift-Dir - straight line, f/p - scorpion
Aim: a scorpion (moderately wounded, 83% to hit)
The searing ray hits the scorpion!
The scorpion is almost dead. (Press . to maintain the ray.)
You hear a shout!
Menkaure, Prince of Dust comes into view.
You hear a shout!
You now have 16/20 mp.
The searing ray hits the scorpion!
You kill the scorpion!
Your Spellcasting skill increases to level 8!
You now have 15/20 mp.
Casting: Searing Ray (safe; 1% risk of failure)
Confirm with . or Enter, or press ? or * to list all spells.
Restarting spell: Searing Ray (safe; 1% risk of failure)
Press: ? - help, Shift-Dir - straight line, f - Menkaure
Aim: Menkaure (92% to hit)
The searing ray hits Menkaure!
Menkaure is moderately damaged. (Press . to maintain the ray.)
You now have 14/20 mp.
The searing ray hits Menkaure.
Menkaure is heavily damaged.
Menkaure gestures at you while chanting.
Pain shoots through your body!
An orc comes into view. It is wielding a +0 war axe.
You take 13 damage, and have 23/36 hp.
MASSIVE DAMAGE!!
You now have 13/20 mp.
The searing ray hits Menkaure.
Menkaure is heavily damaged.
Menkaure gestures at you while chanting.
Pain shoots through your body!
* * * LOW HITPOINT WARNING * * *
You take 14 damage, and have 9/36 hp.
MASSIVE DAMAGE!!
You now have 12/20 mp.
The searing ray hits Menkaure!
Menkaure is almost destroyed.
You finish channelling your searing ray.
Menkaure casts a spell at you. Pain shoots through your body!
You die...

#..##
##.......##
##. #.##
##.....## #.
#.# ##...## #.
#.# ##+## #.
#.# ## #.# #.#
#.# ######.o.
#.####@..†M..>
#......####.[.
########


You could see Menkaure and an orc.

Vanquished Creatures
  3 black bears
  3 scorpions
  2 hounds
  A jelly (D:5)
  2 iguanas
  4 adders
  An ufetubus (D:5)
  2 worms
  A dart slug (D:4)
  12 orcs
  6 endoplasms
  7 giant cockroaches
  8 goblins
  6 hobgoblins
  3 jackals (D:4)
  3 quokkas
  7 ball pythons
  3 bats
  4 frilled lizards
  3 kobolds
  9 rats
90 creatures vanquished.

Vanquished Creatures (others)
  4 plants (D:4)
4 creatures vanquished.

Grand Total: 94 creatures vanquished

Notes
Turn   | Place    | Note
-------+----------+-------------------------------------------
     0 | D:1      | Psyclone the Deep Elf Conjurer began the quest for the Orb.
     0 | D:1      | Reached XP level 1. HP: 10/10 MP: 6/6
   417 | D:1      | Reached XP level 2. HP: 15/15 MP: 5/8
  1222 | D:1      | Found a faded altar of an unknown god.
  1226 | D:1      | Learned a level 2 spell: Searing Ray
  1277 | D:2      | Reached skill level 4 in Spellcasting
  1277 | D:2      | Reached skill level 5 in Conjurations
  1277 | D:2      | Reached XP level 3. HP: 19/19 MP: 5/10
  2233 | D:3      | Found an ornate altar of the Wu Jian Council.
  2293 | D:3      | Identified the ring of Xoifex {rC+++ AC+4 Str-2 Int+10
                  | Dex-2}
  2410 | D:3      | Reached XP level 4. HP: 24/24 MP: 5/12
  2870 | D:3      | Reached skill level 5 in Spellcasting
  3365 | D:4      | Noticed a black bear
  3396 | D:4      | Killed a black bear
  3397 | D:4      | Reached XP level 5. HP: 28/28 MP: 8/15
  3514 | D:4      | Reached skill level 6 in Spellcasting
  3667 | D:4      | Noticed a black bear
  3673 | D:4      | Killed a black bear
  3674 | D:4      | Reached XP level 6. HP: 32/32 MP: 9/17
  4000 | D:4      | Found a glowing golden altar of the Shining One.
  4023 | D:4      | Reached skill level 7 in Spellcasting
  4230 | D:4      | Found a bloodstained altar of Trog.
  4375 | D:4      | Found a white marble altar of Elyvilon.
  4616 | D:5      | Entered Level 5 of the Dungeon
  4620 | D:5      | Reached XP level 7. HP: 36/36 MP: 15/20
  4791 | D:5      | Found Fazieteh's Distillery.
  4809 | D:5      | Bought a potion of heal wounds for 55 gold pieces
  4850 | D:5      | Noticed Menkaure
  4852 | D:5      | Reached skill level 8 in Spellcasting
  4855 | D:5      | Killed from afar by Menkaure

Illustrated notes

Levels and vault maps discovered:
D:1:      amcnicky_arrival_double_pillar, layout_loops_corners,
          hellmonk_ecumenical_altar_inner_sanctum
D:2:      layout_basic, hangedman_decor_clover_reticule,
          kennysheep_generic_room_12
D:3:      layout_basic, nicolae_wu_jian_wuxing_cycle
D:4:      layout_loops_cross, trog_butcher_becter, lemuel_tele_altar,
          nicolae_elyvilon_temple_path
D:5:      layout_loops_corners, serial_shops, nicolae_shop_advertising_works
          [nicolae_subvault_shop_adworks], shop, kennysheep_mini, uniq_menkaure

Skill      XL: |  1  2  3  4  5  6  7 |
---------------+----------------------+-----
Spellcasting   | 4 5 6 7 8 |  8.1
Conjurations   | 5 6 7 |  7.8
Dodging        | |  2.4
Stealth        | |  2.4

Action                   |  1- 3 |  4- 6 |  7- 9 || total
-------------------------+-------+-------+-------++-------
 Cast: Magic Dart        |    82 |    47 |     6 ||   135
       Searing Ray       |     1 |    19 |     5 ||    25
  Use: Potion            |       |     1 |       ||     1
Armor: Robe              |     2 |     1 |       ||     3
Dodge: Dodged            |     8 |     2 |       ||    10
